 Dungeon Crawl Stone Soup version 0.19-a0-1882-gbb73ea0 (webtiles) character file.

26322 Amnesiac the Destroyer (level 13, -1/124 HPs)
             Began as an Ogre Wizard on Oct 14, 2016.
             Was a High Priest of Sif Muna.
             Slain by a polar bear (15 damage)
             ... in an ice cave.
             The game lasted 01:06:50 (20477 turns).

Amnesiac the Destroyer (Ogre Wizard)               Turns: 20477, Time: 01:06:51

Health: -1/124     AC:  9    Str: 13    XL:     13   Next: 25%
Magic:  0/37       EV: 11    Int: 30    God:    Sif Muna [*****.]
Gold:   2739       SH:  0    Dex:  8    Spells: 8 memorised, 12 levels left

rFire  x . .     SeeInvis .     y - +6 short sword of Patif {pierce, rF- Int+7}
rCold  . . .     Gourm    .     q - +2 robe {Archmagi}
rNeg   . . .     Faith    .     (no shield)
rPois  .         Spirit   .     b - +1 hat
rElec  .         Dismiss  .     N - +0 cloak
rCorr  .         Reflect  .     (gloves unavailable)
MR     +....     Harm     .     (boots unavailable)
Stlth  +.........               (no amulet)
                                u - ring of magical power
                                f - +3 ring of protection

@: very slightly contaminated, repel missiles, no casting
A: unfitting armour, talons 2, clever 1, deformed body, tough skin 1, weak 1,
evolution 1, MP-powered wands
a: Stop Divine Energy, Channel Magic, Forget Spell, Renounce Religion


You were in an ice cave.
You worshipped Sif Muna.
Sif Muna was extremely pleased with you.
You were not hungry.

You visited 3 branches of the dungeon, and saw 15 of its levels.
You also visited: Bailey and Ice Cave.

You collected 2766 gold pieces.
You spent 27 gold pieces at shops.

Inventory:

Hand Weapons
 y - the +6 short sword of Patif (weapon) {pierce, rF- Int+7}
   (You found it on level 5 of the Dungeon)

   It inflicts extra damage upon your enemies.
   It affects your intelligence (+7).
   It makes you vulnerable to fire.
 I - a +1 giant spiked club
 W - the +7 quarterstaff of the Foot {flame, rElec rF+ Str-2 SInv}
   (You found it in an ice cave)

   It has been specially enchanted to burn those struck by it, causing extra
   injury to most foes and up to half again as much damage against particularly
   susceptible opponents.
   It affects your strength (-2).
   It protects you from fire.
   It insulates you from electricity.
   It lets you see invisible.
Armour
 b - a +1 hat (worn)
 q - a +2 robe of the Archmagi (worn)
 N - a +0 cloak (worn)
Magical Staves
 Q - an uncursed staff of energy
Jewellery
 f - a +3 ring of protection (left hand)
 u - a ring of magical power (right hand)
 O - an uncursed ring of protection from fire
Wands
 o - a wand of random effects (8/48)
 F - a wand of iceblast (7/15)
 P - a wand of iceblast (15/15)
Scrolls
 t - 5 scrolls of remove curse
 v - 3 scrolls of recharging
 x - 2 scrolls of enchant weapon
 B - 2 scrolls of enchant armour
 C - a scroll of fear
 D - 3 scrolls of blinking
 E - a scroll of fog
 G - 6 scrolls of teleportation
 H - 2 scrolls of amnesia
 T - 2 scrolls of magic mapping
Potions
 e - 2 potions of magic
 h - 2 potions of resistance {unknown}
 i - 6 potions of curing
 k - 2 potions of haste
 l - 2 potions of heal wounds
 m - a potion of agility
 n - a potion of lignification {unknown}
 s - 4 potions of might
 w - a potion of experience {unknown}
 A - 2 potions of brilliance {unknown}
 J - 2 potions of cancellation
 M - a potion of degeneration
 R - a potion of beneficial mutation {unknown}
 S - a potion of cure mutation
 V - a potion of flight
Books
 r - Sif Muna's Compendium of Enthralling Feathers
   (Sif Muna gifted it to you on level 10 of the Dungeon)

   Spells                             Type                      Level
   a - Swiftness                      Charms/Air                   2
   b - Dazzling Spray                 Conjuration/Hexes            3
   c - Tukima's Dance                 Hexes                        3
   d - Cause Fear                     Hexes                        4
   e - Silence                        Hexes/Air                    5
 K - Sif Muna's Volume of the Destructive Snowflakes
   (Sif Muna gifted it to you on level 11 of the Dungeon)

   Spells                             Type                      Level
   a - Freeze                         Ice                          1
   b - Fulminant Prism                Conjuration/Hexes            4
   c - Iron Shot                      Conjuration/Earth            6
   d - Conjure Ball Lightning         Conjuration/Air              6
   e - Glaciate                       Conjuration/Ice              9
 L - Sif Muna's Witchery in Simple Steps
   (Sif Muna gifted it to you on level 12 of the Dungeon)

   Spells                             Type                      Level
   a - Sticky Flame                   Conjuration/Fire             4
   b - Force Lance                    Conjuration/Translocation    4
   c - Summon Ice Beast               Ice/Summoning                4
   d - Ice Form                       Ice/Transmutation            4
   e - Control Undead                 Necromancy                   4
   f - Summon Lightning Spire         Summoning/Air                4
Comestibles
 a - 5 meat rations
 d - 12 bread rations
 g - 18 fruits
 j - 6 slices of pizza
 p - 2 royal jellies
 z - 2 beef jerkies


   Skills:
 - Level 7.4 Fighting
 - Level 5.5 Dodging
 - Level 1.4 Stealth
 - Level 11.0 Spellcasting
 - Level 11.7 Conjurations
 - Level 0.6 Summonings
 - Level 0.6 Translocations
 + Level 7.7 Earth Magic


You had 12 spell levels left.
You knew the following spells:

 Your Spells              Type           Power        Failure   Level  Hunger
a - Repel Missiles        Chrm/Air       ###...       6%          2    None
b - Blink                 Tloc           N/A          4%          2    None
c - Magic Dart            Conj           ####         1%          1    None
d - Call Imp              Summ           ####....     4%          2    None
e - Mephitic Cloud        Conj/Pois/Air  ######..     1%          3    None
f - Iron Shot             Conj/Erth      #######...   10%         6    #####..
s - Conjure Flame         Conj/Fire      ######..     1%          3    None
z - Dazzling Spray        Conj/Hex       ######       1%          3    None


Dungeon Overview and Level Annotations

Branches:
Dungeon (13/15)            Temple (1/1) D:6            Lair (0/6) D:11
    Orc (1/2) D:10
 Vaults: D:13-14

Altars:
Ashenzari
Cheibriados
Dithmenos
Elyvilon
Fedhas
Gozag
Hepliaklqana
Kikubaaqudgha
Makhleb
Nemelex Xobeh
Okawaru
Qazlal
Ru
Sif Muna
Trog
Uskayaw
Vehumet
Xom
Zin

Shops:
D:12 *   Orc:1 (


Innate Abilities, Weirdness & Mutations

You are too large for most types of armour.
You have tough skin. (AC +1)
You have razor-sharp toenails.
Your mind is acute. (Int +2)
Armour fits poorly on your strangely shaped body.
You are weak. (Str -2)
You evolve.
You expend magic power (3 MP) to strengthen your wands.


Message History

The yak gores something.
You regain access to your magic.
The yak is engulfed in noxious fumes.
You see here a dagger of chaos.
You start resting.
Eating a chunk of flesh.
You start eating the chunk of flesh.
You continue eating. x2
You finish eating.
This raw flesh tastes terrible.
Casting: Mephitic Cloud
Confirm with . or Enter, or press ? or * to list all spells.
Aiming: Iron Shot
Press: ? - help, Shift-Dir - straight line, f - polar bear
Aim: a polar bear (almost dead)
You feel a surge of power!
You miscast Iron Shot.
You are very lightly contaminated with residual magic.
A wave of violent energy washes through your body!
* * * LOW HITPOINT WARNING * * *
Sif Muna grants you divine energy.
You briefly lose access to your magic!
The polar bear bites you!
You die...

##..###.#∩#
#...#######
##..## ##.##
##..###...#
##......##
#....#..#
##.####.#
########.#
##@##.##..#
##h##...÷.##
#.#..≈...##
#..#..####
#.##.##
#.#### ##.#
#.## #..##


You could see a polar bear.

Vanquished Creatures
  A hydra (D:11)
  A centaur warrior (D:12)
  The ghost of wazuzu the Spear-Bearer, a novice CeGl of Okawaru (D:9)
  Nergalle (D:11)
  2 unseen horrors
  Pikel (D:8)
  3 hill giants
  3 orc knights (Bailey)
  2 cyclopes (D:12)
  An ice statue (D:9)
  Psyche (D:11)
  2 gargoyles
  2 polar bears (IceCv)
  3 two-headed ogres
  A hornet (D:12)
  5 slime creatures (D:12)
  5 hippogriffs
  2 dream sheep (D:11)
  2 wyverns (D:9)
  2 wraiths
  2 vampires (D:11)
  22 yaks
  A hungry ghost (D:10)
  Grum (D:10)
  2 wargs (Orc:1)
  A steam dragon (D:7)
  Duvessa (D:4)
  3 water moccasins
  3 phantoms
  2 ice beasts
  18 orc warriors
  7 sky beasts
  2 black bears
  6 ogres
  2 necrophages
  8 wolves
  7 centaurs
  3 big kobolds (D:11)
  8 bullfrogs
  A gnoll sergeant (D:10)
  3 scorpions
  Dowan (D:4)
  11 killer bees
  5 wights (D:12)
  A howler monkey (D:9)
  4 crimson imps
  A bullfrog zombie (D:11)
  3 centaur zombies
  A quasit (D:11)
  A bullfrog skeleton (D:11)
  9 hounds
  3 jellies
  3 centaur skeletons
  6 orc priests
  An iguana (D:4)
  17 orc wizards
  8 worker ants
  9 adders
  5 gnolls (D:10)
  4 shadow imps
  7 white imps (Orc:1)
  5 oozes
  3 adder zombies
  2 adder skeletons (D:6)
  A dart slug (D:2)
  5 worms
  8 leopard geckos
  54 orcs
  10 bats
  2 giant cockroaches
  5 goblins
  10 hobgoblins
  4 jackals (D:10)
  7 kobolds
  4 quokkas
  2 ball pythons
  7 frilled lizards
  2 leopard gecko skeletons
  3 quokka skeletons
  8 rats
386 creatures vanquished.

Vanquished Creatures (collateral kills)
  An ogre (D:4)
  2 killer bees
  2 worker ants
  A hound zombie (D:5)
  An adder (D:4)
  An orc (D:6)
  A giant cockroach (D:6)
9 creatures vanquished.

Vanquished Creatures (others)
  A yak (IceCv)
  5 wolves (IceCv)
  3 centaurs
  A crimson imp (D:8)
  An adder skeleton (D:8)
11 creatures vanquished.

Grand Total: 406 creatures vanquished

Notes
Turn   | Place    | Note
-------+----------+-------------------------------------------
     0 | D:1      | Amnesiac the Ogre Wizard began the quest for the Orb.
     0 | D:1      | Reached XP level 1. HP: 16/16 MP: 5/5
   174 | D:3      | Reached skill level 1 in Fighting
   263 | D:4      | You fall through a shaft!
   263 | D:5      | Entered Level 5 of the Dungeon
   263 | D:5      | Noticed a scorpion
   352 | D:6      | Noticed a worker ant
   379 | D:6      | Killed a worker ant
   379 | D:6      | Reached XP level 2. HP: 13/28 MP: 6/6
   434 | D:6      | Learned a level 2 spell: Call Imp
   671 | D:5      | Reached XP level 3. HP: 36/36 MP: 0/8
   676 | D:5      | Learned a level 3 spell: Mephitic Cloud
   680 | D:5      | Learned a level 3 spell: Conjure Flame
  1103 | D:4      | Reached XP level 4. HP: 15/45 MP: 3/9
  1321 | D:4      | Noticed an ogre
  1498 | D:4      | Killed an ogre
  1643 | D:4      | Found a white marble altar of Elyvilon.
  1704 | D:4      | Reached XP level 5. HP: 36/55 MP: 6/10
  1707 | D:4      | Noticed Dowan
  1754 | D:4      | Noticed Duvessa
  1825 | D:4      | Killed Dowan
  1831 | D:4      | Killed Duvessa
  1831 | D:4      | Reached skill level 5 in Fighting
  1831 | D:4      | Reached XP level 6. HP: 23/66 MP: 2/11
  2489 | D:5      | Reached XP level 7. HP: 66/76 MP: 5/12
  3121 | D:5      | Reached skill level 5 in Dodging
  3351 | D:6      | Gained mutation: Your mind is acute. (Int +2) [mutagenic meat]
  3354 | D:6      | Gained mutation: You have sharp toenails. [mutagenic meat]
  3357 | D:6      | Gained mutation: You expend magic power (3 MP) to strengthen your wands. [mutagenic meat]
  3436 | D:6      | Found a stormy altar of Qazlal.
  3455 | D:6      | Found a staircase to the Ecumenical Temple.
  3464 | Temple   | Entered the Ecumenical Temple
  3551 | Temple   | Became a worshipper of Sif Muna the Loreminder
  4090 | D:5      | Got a bloodstained short sword
  4091 | D:5      | Identified the +6 short sword of Patif {pierce, rF- Int+7} (You found it on level 5 of the Dungeon)
  4277 | D:1      | Learned a level 2 spell: Repel Missiles
  4280 | D:1      | Learned a level 2 spell: Blink
  4759 | D:2      | Found a white marble altar of Elyvilon.
  5153 | D:3      | Found an iron altar of Okawaru.
  5284 | D:3      | Reached XP level 8. HP: 87/87 MP: 15/15
  5538 | D:3      | Reached skill level 5 in Spellcasting
  5680 | D:3      | Reached * piety under Sif Muna
  6176 | D:6      | Found a shadowy altar of Dithmenos.
  6372 | D:6      | Gained mutation: You are agile. (Dex +2) [mutagenic meat]
  7032 | D:7      | Noticed a hippogriff
  7049 | D:7      | Killed a hippogriff
  7049 | D:7      | Reached ** piety under Sif Muna
  7049 | D:7      | Reached XP level 9. HP: 87/93 MP: 18/22
  7283 | D:7      | Found a flagged portal.
  7292 | Bailey   | Entered a bailey
  7292 | Bailey   | Noticed an orc knight
  7293 | Bailey   | Noticed an orc knight
  7296 | Bailey   | Killed an orc knight
  7311 | Bailey   | Noticed an orc knight
  7315 | Bailey   | Killed an orc knight
  7315 | Bailey   | Reached skill level 5 in Conjurations
  7326 | Bailey   | Killed an orc knight
  7326 | Bailey   | Reached *** piety under Sif Muna
  7326 | Bailey   | Reached XP level 10. HP: 55/102 MP: 12/23
  8055 | D:8      | Found a burning altar of Makhleb.
  8064 | D:8      | Noticed Pikel
  8095 | D:8      | Killed Pikel
  8108 | D:8      | Reached **** piety under Sif Muna
  8457 | D:8      | Found a bloodstained altar of Trog.
  9727 | D:9      | Reached XP level 11. HP: 94/109 MP: 4/24
  9965 | D:9      | Noticed wazuzu's ghost (novice CeGl)
  9994 | D:9      | Killed wazuzu's ghost
  9994 | D:9      | Reached skill level 10 in Conjurations
 12583 | D:10     | Entered Level 10 of the Dungeon
 12609 | D:10     | Killed an unseen horror
 12667 | D:10     | Reached ***** piety under Sif Muna
 12713 | D:10     | Identified Sif Muna's Compendium of Enthralling Feathers (Sif Muna gifted it to you on level 10 of the Dungeon)
 12713 | D:10     | Received a gift from Sif Muna
 12825 | D:10     | Learned a level 3 spell: Dazzling Spray
 12878 | D:10     | Noticed a hill giant
 12887 | D:10     | Killed a hill giant
 13283 | D:10     | Found a staircase to the Orcish Mines.
 13611 | D:10     | Reached skill level 10 in Spellcasting
 13778 | D:11     | Noticed Grum
 14090 | D:10     | Killed Grum
 14372 | D:11     | Noticed Psyche
 14383 | D:11     | Killed Psyche
 14416 | D:11     | Noticed Nergalle
 14423 | D:11     | Noticed a spectral orc warlord
 14426 | D:11     | Killed Nergalle
 14426 | D:11     | Reached XP level 12. HP: 83/118 MP: 19/26
 14460 | D:11     | Found a staircase to the Lair.
 14812 | D:11     | Noticed a three-headed hydra
 14817 | D:11     | Killed a three-headed hydra
 15661 | D:11     | Identified Sif Muna's Volume of the Destructive Snowflakes (Sif Muna gifted it to you on level 11 of the Dungeon)
 15661 | D:11     | Received a gift from Sif Muna
 15672 | D:11     | Learned a level 6 spell: Iron Shot
 15685 | D:11     | Reached skill level 1 in Earth Magic
 17586 | D:12     | Found Leskaunn's Assorted Antiques.
 17618 | D:12     | Bought a glowing golden potion for 27 gold pieces
 17621 | D:12     | Lost mutation: You are agile. (Dex +2) [potion of mutation]
 17621 | D:12     | Gained mutation: You evolve. [potion of mutation]
 17621 | D:12     | Gained mutation: You are weak. (Str -2) [potion of mutation]
 17827 | D:12     | Noticed a centaur warrior
 17846 | D:12     | Killed a centaur warrior
 17846 | D:12     | Reached skill level 5 in Earth Magic
 18520 | D:12     | Gained mutation: Armour fits poorly on your strangely shaped body. [mutagenic meat]
 18566 | D:12     | Reached XP level 13. HP: 124/124 MP: 18/28
 18893 | D:12     | Identified Sif Muna's Witchery in Simple Steps (Sif Muna gifted it to you on level 12 of the Dungeon)
 18893 | D:12     | Received a gift from Sif Muna
 19093 | D:13     | Noticed a yaktaur captain
 19402 | Orc:1    | Entered Level 1 of the Orcish Mines
 19463 | Orc:1    | Found Qekusurch's Weapon Emporium.
 19866 | Orc:1    | Found a frozen archway.
 19875 | IceCv    | Entered an ice cave
 20387 | IceCv    | Gained mutation: You have razor-sharp toenails. [evolution]
 20413 | IceCv    | Got an ancient quarterstaff
 20415 | IceCv    | Identified the +7 quarterstaff of the Foot {flame, rElec rF+ Str-2 SInv} (You found it in an ice cave)
 20477 | IceCv    | Slain by a polar bear

Vault maps used:
D:1:      minmay_arrival_open_corners, st_stairs_4, nrook_uturn,
          kennysheep_doodads
D:2:      elyvilon_altar_3
D:3:      okawaru_metal_pillars_3, kennysheep_decorative_pillar
D:4:      overflow_temple_1_default, uniq_duvessa
D:5:      black_bear_nest_1, first_bread, water_boxes_lemuel
D:6:      marbit_many_paths, grunt_qazlal_sundering
D:7:      enter_bailey_2
D:8:      overflow_temple_1_default, lemuel_doored_altar, uniq_pikel
D:9:      lemuel_ice_statue
D:10:     orc_0_dummy
D:11:     lair_0_dummy, hangedman_ranch, kennysheep_generic_room_5,
          uniq_nergalle, uniq_grum, uniq_psyche
D:12:     serial_shops, nicolae_shop_waterfront
D:13:     minmay_connected_triangles_in_corner, david_vaults_2,
          serial_bayou_pond_c, serial_bayou_pond_c, uniq_urug
Temple:   eino_temple_rhombus
Orc:1:    portal_ice_cave_entry_imps, serial_shops,
          nicolae_shop_competitors_out_of_business, mines_bat_river
Bailey:   bailey_polearm_4, bailey
IceCv:    ice_cave_caverns_03

Skill      XL: |  1  2  3  4  5  6  7  8  9 10 11 12 13 |
---------------+----------------------------------------+-----
Fighting       | 2 3 4 5 6 7 |  7.4
Dodging        | 2 3 4 5 |  5.5
Spellcasting   | 4 9 10 11 | 11.0
Conjurations   | 6 9 11 | 11.7
Earth Magic    | 6 7 |  7.7
Stealth        | |  1.4
Summonings     | |  0.6
Translocations | |  0.6

Action                   |  1- 3 |  4- 6 |  7- 9 | 10-12 | 13-15 || total
-------------------------+-------+-------+-------+-------+-------++-------
Melee: Unarmed           |     4 |       |       |       |       ||     4
       Club              |    34 |       |       |       |       ||    34
       Giant club        |       |    55 |   169 |       |       ||   224
       Short sword       |       |       |   206 |   376 |    59 ||   641
       Kick              |       |       |    30 |    92 |    11 ||   133
       Staff             |       |       |       |    11 |       ||    11
 Cast: Magic Dart        |    20 |     5 |     6 |   155 |       ||   186
       Call Imp          |     8 |     6 |       |     2 |       ||    16
       Mephitic Cloud    |     2 |    11 |    14 |    38 |     2 ||    67
       Conjure Flame     |     1 |       |     3 |    77 |     2 ||    83
       Repel Missiles    |       |       |     2 |     4 |     1 ||     7
       Blink             |       |       |       |    24 |     1 ||    25
       Dazzling Spray    |       |       |       |   252 |    70 ||   322
       Iron Shot         |       |       |       |    34 |    28 ||    62
Invok: Divine Energy     |       |       |     1 |       |       ||     1
  Use: Scroll            |     4 |     2 |       |    18 |       ||    24
       Potion            |       |       |       |     5 |       ||     5
 Stab: Confused          |     3 |     1 |     2 |     8 |       ||    14
       Sleeping          |       |       |     4 |       |       ||     4
       Distracted        |       |       |     1 |     1 |       ||     2
       Invisible         |       |       |       |     1 |     1 ||     2
  Eat: Chunk             |     1 |     7 |    21 |    37 |    11 ||    77
       Bread ration      |       |       |       |     1 |       ||     1
       Meat ration       |       |       |       |     1 |       ||     1
       Fruit             |       |       |       |       |     1 ||     1
       Pizza             |       |       |       |       |     1 ||     1
Armor: Robe              |    19 |    19 |   190 |   213 |    34 ||   475
Dodge: Dodged            |    25 |    30 |   206 |   362 |    92 ||   715
       Deflected         |       |       |     1 |    14 |     2 ||    17
